[ AOE2 MATCH · #507271891 ]
UnrankedKoreans vs Cumans
Player's team · LOSS
Rival team · WIN
[ REPLAY ANALYSIS · EXTRACTED FROM THE RECORDED GAME ]
Feudal
9:56
Castle
19:00
Imperial
—
| APM avg | 30.7 |
| APM peak | 58 |
| eAPM avg | 12.9 |
| Villagers / military | 41 / 21 |
Focus
⚔️ 26.8% · 🌾 73.2%
Fire Lancer ×12 · Iron Pagoda ×7 · Spearman ×2
Feudal
8:53
Castle
27:58
Imperial
—
| APM avg | 39.3 |
| APM peak | 74 |
| eAPM avg | 21.2 |
| Villagers / military | 88 / 32 |
Focus
⚔️ 19.3% · 🌾 80.7%
Steppe Lancer ×9 · Scout Cavalry ×8 · Battering Ram ×7 · Knight ×4 · Mangonel ×3 · Camel Scout ×1
Match map
Initial resources + every placement click. Lines = walls · curves = elevation contours. ◆ gold · ⬟ stone · ● berries · ✦ relic · ◌ wall gap
Your base· ✓ Closed at 19:00 · 0t walls · 3 gate(s)
Senetar's base· ✓ Closed at 27:58 · 2t walls · 3 gate(s)
Smoothed initial terrain · ◌ = detected wall gap · hover for details
Inputs per minute
— CTMlLOMBANA - - Senetar
Build order — CTMlLOMBANA
117 actions detected in the replay
| 0:04 | Build | House |
| 0:06 | Build | House |
| 0:14 | Queue | Villager (Male) |
| 0:14 | Queue | Villager (Male) |
| 0:14 | Queue | Villager (Male) |
| 0:15 | Queue | Villager (Male) |
| 1:43 | Queue | Villager (Male) |
| 1:44 | Queue | Villager (Male) |
| 2:17 | Build | Lumber Camp |
| 2:19 | Queue | Villager (Male) |
| 2:39 | Queue | Villager (Male) |
| 3:10 | Queue | Villager (Male) |
| 3:10 | Queue | Villager (Male) |
| 3:16 | Build | House |
| 3:17 | Build | House |
| 3:43 | Queue | Villager (Male) |
| 3:43 | Queue | Villager (Male) |
| 4:13 | Queue | Villager (Male) |
| 5:01 | Queue | Villager (Male) |
| 5:01 | Queue | Villager (Male) |
| 5:19 | Queue | Villager (Male) |
| 5:20 | Queue | Villager (Male) |
| 5:32 | Queue | Villager (Male) |
| 5:57 | Build | Mill |
| 6:01 | Queue | Villager (Male) |
| 6:20 | Queue | Villager (Male) |
| 6:57 | Research | Loom |
| 7:46 | Research | Feudal Age |
| 8:49 | Queue | Villager (Male) |
| 9:05 | Build | Mining Camp |
| 9:56 | Age | Feudal Age |
| 10:00 | Build | Watch Tower |
| 10:08 | Build | Blacksmith |
| 10:12 | Queue | Villager (Male) |
| 10:38 | Build | House |
| 10:39 | Build | House |
| 10:43 | Queue | Villager (Male) |
| 10:43 | Queue | Villager (Male) |
| 11:11 | Research | Fletching |
| 11:30 | Queue | Villager (Male) |
| 11:52 | Build | Watch Tower |
| 12:18 | Queue | Villager (Male) |
| 12:18 | Queue | Villager (Male) |
| 13:53 | Build | Watch Tower |
| 14:23 | Queue | Villager (Male) |
| 14:24 | Queue | Villager (Male) |
| 14:30 | Build | Market |
| 16:20 | Research | Castle Age |
| 17:16 | Build | Watch Tower |
| 17:29 | Build | Farm |
| 17:32 | Build | Mining Camp |
| 17:34 | Queue | Villager (Male) |
| 18:30 | Build | Watch Tower |
| 19:00 | Age | Castle Age |
| 19:34 | Build | Outpost |
| 20:02 | Build | Castle |
| 20:12 | Build | House |
| 20:14 | Build | House |
| 20:18 | Build | House |
| 20:40 | Queue | Villager (Male) |
| 20:41 | Queue | Villager (Male) |
| 20:43 | Queue | Villager (Male) |
| 21:00 | Build | Siege Workshop |
| 21:58 | Queue | Iron Pagoda |
| 22:16 | Build | Farm |
| 23:06 | Queue | Iron Pagoda |
| 23:07 | Queue | Iron Pagoda |
| 23:26 | Build | Mining Camp |
| 24:10 | Queue | Villager (Male) |
| 24:10 | Queue | Villager (Male) |
| 24:29 | Queue | Iron Pagoda |
| 25:11 | Build | Farm |
| 25:12 | Build | Farm |
| 25:14 | Build | Farm |
| 25:16 | Build | Farm |
| 25:20 | Build | Farm |
| 25:22 | Build | Farm |
| 25:23 | Queue | Villager (Male) |
| 25:23 | Queue | Villager (Male) |
| 25:42 | Build | Barracks |
| 25:46 | Build | House |
| 25:49 | Build | House |
| 26:51 | Queue | Iron Pagoda |
| 27:01 | Queue | Fire Lancer |
| 27:01 | Queue | Fire Lancer |
| 27:01 | Queue | Fire Lancer |
| 27:20 | Queue | Villager (Male) |
| 27:20 | Queue | Villager (Male) |
| 27:28 | Queue | Spearman |
| 27:29 | Queue | Spearman |
| 27:52 | Build | Mining Camp |
| 28:40 | Queue | Iron Pagoda |
| 28:42 | Queue | Fire Lancer |
| 28:42 | Queue | Fire Lancer |
| 29:08 | Queue | Fire Lancer |
| 29:31 | Build | House |
| 29:32 | Build | House |
| 29:51 | Queue | Fire Lancer |
| 30:02 | Queue | Iron Pagoda |
| 30:04 | Queue | Fire Lancer |
| 30:11 | Build | House |
| 31:02 | Queue | Fire Lancer |
| 31:02 | Queue | Fire Lancer |
| 31:06 | Build | House |
| 31:27 | Build | House |
| 31:36 | Build | House |
| 31:56 | Queue | Fire Lancer |
| 31:56 | Queue | Fire Lancer |
| 32:10 | Build | Watch Tower |
| 32:25 | Build | Stone Wall |
| 32:30 | Queue | Villager (Male) |
| 32:30 | Queue | Villager (Male) |
| 33:03 | Build | Stone Wall |
| 33:09 | Build | House |
| 33:11 | Build | House |
| 33:23 | Build | Stone Wall |
| 33:39 | Build | Watch Tower |
Build order — Senetar
First 150 of 214 actions detected
| 0:00 | Queue | Villager (Male) |
| 0:00 | Queue | Villager (Male) |
| 0:02 | Build | House |
| 0:04 | Build | House |
| 0:14 | Queue | Villager (Male) |
| 0:14 | Queue | Villager (Male) |
| 1:33 | Queue | Villager (Male) |
| 1:53 | Build | Lumber Camp |
| 2:07 | Queue | Villager (Male) |
| 2:21 | Queue | Villager (Male) |
| 2:44 | Queue | Villager (Male) |
| 3:14 | Queue | Villager (Male) |
| 3:27 | Queue | Villager (Male) |
| 3:53 | Build | House |
| 4:05 | Queue | Villager (Male) |
| 4:06 | Queue | Villager (Male) |
| 4:42 | Queue | Villager (Male) |
| 4:55 | Queue | Villager (Male) |
| 5:31 | Build | Mill |
| 5:33 | Queue | Villager (Male) |
| 6:11 | Research | Loom |
| 6:35 | Build | House |
| 6:40 | Research | Feudal Age |
| 8:44 | Queue | Villager (Male) |
| 8:53 | Age | Feudal Age |
| 8:57 | Build | Town Center |
| 9:03 | Queue | Villager (Male) |
| 9:08 | Queue | Villager (Male) |
| 9:13 | Queue | Villager (Male) |
| 9:29 | Queue | Villager (Male) |
| 9:40 | Build | Farm |
| 9:43 | Build | Farm |
| 9:45 | Build | Farm |
| 9:48 | Build | Farm |
| 9:51 | Queue | Villager (Male) |
| 10:09 | Queue | Villager (Male) |
| 10:10 | Queue | Villager (Male) |
| 10:30 | Queue | Villager (Male) |
| 10:58 | Build | House |
| 11:01 | Build | House |
| 11:04 | Queue | Villager (Male) |
| 11:09 | Build | House |
| 11:14 | Build | House |
| 11:19 | Build | House |
| 11:23 | Queue | Villager (Male) |
| 11:37 | Build | House |
| 11:40 | Build | Palisade Wall |
| 11:50 | Queue | Villager (Male) |
| 11:51 | Queue | Villager (Male) |
| 11:55 | Build | Farm |
| 12:14 | Queue | Villager (Male) |
| 12:16 | Build | Blacksmith |
| 12:23 | Queue | Villager (Male) |
| 12:25 | Queue | Villager (Male) |
| 12:28 | Build | Farm |
| 12:32 | Build | Farm |
| 12:44 | Queue | Villager (Male) |
| 13:02 | Build | House |
| 13:06 | Build | House |
| 13:09 | Build | House |
| 13:21 | Queue | Villager (Male) |
| 13:24 | Queue | Villager (Male) |
| 14:18 | Queue | Villager (Male) |
| 14:32 | Queue | Villager (Male) |
| 14:33 | Queue | Villager (Male) |
| 14:46 | Build | Farm |
| 14:46 | Build | Farm |
| 14:46 | Build | Farm |
| 14:46 | Build | Farm |
| 14:47 | Build | Farm |
| 15:14 | Queue | Villager (Male) |
| 15:28 | Queue | Villager (Male) |
| 15:42 | Build | House |
| 15:47 | Build | Palisade Wall |
| 15:54 | Queue | Villager (Male) |
| 16:12 | Queue | Villager (Male) |
| 16:15 | Build | Farm |
| 16:22 | Queue | Villager (Male) |
| 16:29 | Build | Siege Workshop |
| 16:40 | Queue | Villager (Male) |
| 16:41 | Queue | Villager (Male) |
| 16:59 | Build | Farm |
| 16:59 | Build | Farm |
| 17:09 | Build | Mining Camp |
| 17:11 | Queue | Villager (Male) |
| 17:11 | Queue | Villager (Male) |
| 17:38 | Queue | Villager (Male) |
| 17:43 | Build | Farm |
| 17:53 | Queue | Villager (Male) |
| 17:58 | Queue | Villager (Male) |
| 18:18 | Queue | Villager (Male) |
| 18:19 | Queue | Villager (Male) |
| 18:43 | Queue | Villager (Male) |
| 18:48 | Build | Mill |
| 18:49 | Build | Farm |
| 18:49 | Build | Farm |
| 18:50 | Build | Farm |
| 18:50 | Build | Farm |
| 18:50 | Build | Farm |
| 18:50 | Build | Farm |
| 18:59 | Build | Farm |
| 19:02 | Build | Farm |
| 19:04 | Build | Farm |
| 19:10 | Build | Farm |
| 19:11 | Build | Farm |
| 19:24 | Queue | Battering Ram |
| 19:53 | Build | Barracks |
| 20:16 | Queue | Battering Ram |
| 20:16 | Queue | Battering Ram |
| 20:35 | Queue | Villager (Male) |
| 20:53 | Research | Fletching |
| 20:54 | Queue | Villager (Male) |
| 20:55 | Build | Farm |
| 20:56 | Build | Farm |
| 21:10 | Queue | Villager (Male) |
| 21:27 | Queue | Battering Ram |
| 21:29 | Queue | Villager (Male) |
| 21:30 | Queue | Villager (Male) |
| 21:33 | Build | House |
| 21:55 | Queue | Villager (Male) |
| 21:57 | Build | Farm |
| 22:01 | Queue | Villager (Male) |
| 22:05 | Build | House |
| 22:19 | Build | Stable |
| 22:20 | Build | Stable |
| 22:21 | Build | Stable |
| 22:35 | Queue | Villager (Male) |
| 22:35 | Queue | Villager (Male) |
| 23:06 | Queue | Villager (Male) |
| 23:13 | Queue | Villager (Male) |
| 23:17 | Build | Market |
| 23:30 | Queue | Battering Ram |
| 23:55 | Queue | Scout Cavalry |
| 23:55 | Queue | Scout Cavalry |
| 23:56 | Queue | Villager (Male) |
| 24:11 | Queue | Villager (Male) |
| 24:13 | Build | Farm |
| 24:25 | Queue | Scout Cavalry |
| 24:25 | Queue | Scout Cavalry |
| 24:32 | Queue | Villager (Male) |
| 24:46 | Queue | Scout Cavalry |
| 24:50 | Queue | Villager (Male) |
| 25:18 | Research | Castle Age |
| 25:29 | Queue | Villager (Male) |
| 25:35 | Build | Farm |
| 25:39 | Build | House |
| 26:24 | Build | Farm |
| 26:45 | Queue | Battering Ram |
| 26:45 | Queue | Battering Ram |
| 26:59 | Build | Farm |
Match timeline
| 8:53 | Senetar · age_up feudal |
| 9:56 | CTMlLOMBANA · age_up feudal |
| 11:40 | Senetar · wall_segment Palisade Wall x1 |
| 15:47 | Senetar · wall_segment Palisade Wall x1 |
| 16:17 | CTMlLOMBANA · first_market_buy 100 food |
| 16:18 | CTMlLOMBANA · first_market_sell 100 wood |
| 16:29 | Senetar · first_building Siege Workshop |
| 19:00 | CTMlLOMBANA · age_up castle |
| 19:53 | Senetar · first_building Barracks |
| 20:02 | CTMlLOMBANA · first_building Castle |
| 21:00 | CTMlLOMBANA · first_building Siege Workshop |
| 22:19 | Senetar · first_building Stable |
| 25:10 | Senetar · first_market_sell 100 wood |
| 25:13 | Senetar · first_market_buy 100 food |
| 25:42 | CTMlLOMBANA · first_building Barracks |
| 27:58 | Senetar · age_up castle |
| 32:25 | CTMlLOMBANA · wall_segment Stone Wall x16 |
| 33:03 | CTMlLOMBANA · wall_segment Stone Wall x9 |
| 33:23 | CTMlLOMBANA · wall_segment Stone Wall x7 |
| 34:04 | CTMlLOMBANA · resign |
[ AI ANALYSIS · 1 CREDIT ]
What really happened in this match?
Wolo.gg analyzes every decision: build order, eco, micro, common mistakes by bracket. Personalized analysis on WhatsApp or Discord in 30 seconds.
Civ guide
Koreans
Perfil
Jugador #17312749